 Dungeon Crawl Stone Soup version 0.29.0-4-gdea44cf6ec (webtiles) character file.

Game seed: 11707443752641586476

1825 qw the Cleaver (level 9, 0/55 HPs)
             Began as a Gargoyle Berserker on Sept 4, 2022.
             Was an Elder of Trog.
             Killed from afar by Dowan (3 damage)
             ... with a shard of ice
             ... on level 6 of the Dungeon.
             The game lasted 00:02:23 (6430 turns).

qw the Cleaver (Gargoyle Berserker)                 Turns: 6430, Time: 00:02:24

Health: 0/55       AC: 21    Str: 24    XL:     9   Next: 11%
Magic:  9/9        EV:  5    Int:  9    God:    Trog [****..]
Gold:   247        SH:  8    Dex:  9    Spells: 8/8 levels left

rFire   . . .      SeeInvis .   Y - +1 hand axe (flame)
rCold   . . .      Faith    .   j - +0 kite shield
rNeg    + . .      Spirit   .   l - +1 plate armour
rPois   inf        Reflect  .   b - +1 helmet
rElec   +          Harm     .   (no cloak)
rCorr   +          Rampage  .   (no gloves)
Will    .....                   (no boots)
Stlth   ..........              (no amulet)
HPRegen 0.18/turn               e - ring of resist corrosion
MPRegen 0.11/turn               (no ring)

@: about to teleport, on berserk cooldown, slowed, very slow
A: sickness immunity, AC +6, negative energy resistance 1, electricity
resistance, torment resistance 1, petrification resistance
a: Renounce Religion, Berserk, Trog's Hand, Brothers in Arms


You were on level 6 of the Dungeon.
You worshipped Trog.
Trog was greatly pleased with you.
You visited 1 branch of the dungeon, and saw 6 of its levels.

You collected 247 gold pieces.


Innate Abilities, Weirdness & Mutations

You are immune to sickness and miasma.
Your stone body is resilient. (AC +6)
You are immune to poison.
You resist negative energy. (rN+)
You are resistant to electric shocks. (rElec)
You are resistant to unholy torment.
You are immune to petrification.


   Skills:
 - Level 6.0 Fighting
 - Level 8.2 Axes
 - Level 5.0 Armour
 - Level 1.5 Dodging
 + Level 4.8 Shields


You had 8 spell levels left.
You didn't know any spells.
Your spell library was empty.

Inventory:

Hand Weapons
 Y - a +1 hand axe of flaming (weapon)
Armour
 b - a +1 helmet (worn)
 j - a +0 kite shield (worn)
 l - a +1 plate armour (worn)
Jewellery
 e - a ring of resist corrosion (left hand)
Scrolls
 f - 5 scrolls of identify
Potions
 a - a potion of cancellation
 c - a potion of magic {unknown}
 g - a potion of resistance
 i - a potion of curing

Dungeon Overview and Level Annotations

Branches:
Dungeon (6/15)             Temple (0/1) D:5

Altars:
Elyvilon
Okawaru
Uskayaw

Annotations:
D:6 Dowan


Message History

You slash Duvessa! You burn Duvessa.
Duvessa is heavily wounded.
Duvessa hits you with a +0 rapier.
You slash Duvessa! You burn Duvessa!
You kill Duvessa!
Trog accepts your kill.
Dowan seems overcome with grief.
Dowan seems to find hidden reserves of power!
You hit the wight. You burn the wight.
The wight is lightly damaged.
You are no longer berserk.
You are exhausted.
You feel yourself slow down.
Dowan says, "Magic will overcome all!"
You hit the wight but do no damage.
The wight is lightly damaged.
Dowan mumbles some strange words.
Dowan blinks!
The wight barely misses you. You block the wight's attack.
You hit the wight. You burn the wight.
The wight is heavily damaged.
The wight hits you with a +0 battleaxe! Dowan hits you with a +0 whip.
The wight barely misses you.
6428 ||| READING scroll of teleportation.
As you read the scroll of teleportation, it crumbles to dust.
You feel strangely unstable. Dowan hits you but does no damage.
Dowan barely misses you. The wight hits you but does no damage.
You hit the wight but do no damage.
The wight is heavily damaged.
You miss Dowan. Dowan hits you with a +0 whip. You block the wight's attack.
Dowan says, "How can I live without her?"
Dowan mumbles some strange words.
Dowan blinks!
The wight hits you but does no damage.
You closely miss the wight.
The wight is heavily damaged.
The wight barely misses you.
Dowan points at you and mumbles some strange words.
The shard of ice hits you.
You die...

?..#.######..<......#
...#.. .....#.#.###
#..#.. ###.....#.#
..<# #...###.# ####
#.......# #..#######
#.........
##.########.#
#[..e)@z....#
#....##########
#.##.# ... #.# ..#
#.# .#. #.# . #.# #.


You could see Dowan (fast) and a wight.

Vanquished Creatures
  Sigmund (D:3)
  Duvessa (D:6)
  A black bear (D:5)
  A phantom (D:6)
  Blork the orc (D:5)
  2 scorpions (D:5)
  4 wights (D:6)
  5 killer bees (D:5)
  An orc priest (D:3)
  A jelly (D:5)
  4 gnoll boudas
  4 hounds
  2 iguanas
  An orc wizard (D:5)
  25 gnolls
  7 adders
  An ufetubus (D:5)
  3 dart slugs
  13 orcs
  6 bats
  10 endoplasms
  2 giant cockroaches (D:4)
  10 goblins
  8 hobgoblins
  10 jackals
  3 quokkas
  7 ball pythons
  7 frilled lizards
  11 kobolds
  4 rats
156 creatures vanquished.

Notes
Turn   | Place    | Note
-------+----------+-------------------------------------------
     0 | D:1      | qw the Gargoyle Berserker began the quest for the Orb.
     0 | D:1      | Reached XP level 1. HP: 14/14 MP: 1/1
     0 | D:1      | 0 ||| qw: Version: 0.1-a-103-gd6f5d3a
     0 | D:1      | 0 ||| qw: Game counter: 5656
     0 | D:1      | 0 ||| qw: Always use a shield: true
     0 | D:1      | 0 ||| qw: Do Orc after D:15 true
     0 | D:1      | 0 ||| qw: Do second Lair branch before Depths: true
     0 | D:1      | 0 ||| qw: Lair rune preference: random
     0 | D:1      | 0 ||| qw: Plans: Normal
     0 | D:1      | 0 ||| PLANNING D:1-11
   130 | D:1      | 130 ||| Stepping ~*~*~tactically~*~*~ (hiding).
   232 | D:1      | 232 ||| Stepping ~*~*~tactically~*~*~ (hiding).
   241 | D:1      | Reached skill level 3 in Axes
   362 | D:1      | 362 ||| INVOKING Berserk.
   368 | D:1      | HP: 5/21 [ball python (1)]
   370 | D:1      | Reached XP level 2. HP: 7/19 MP: 2/2
   606 | D:1      | 606 ||| Stepping ~*~*~tactically~*~*~ (hiding).
   663 | D:1      | Found a faded altar of an unknown god.
   750 | D:1      | 750 ||| Stepping ~*~*~tactically~*~*~ (stealth).
   757 | D:1      | 757 ||| INVOKING Berserk.
   760 | D:1      | Reached XP level 3. HP: 16/23 MP: 3/3
  1067 | D:1      | 1067 ||| Stepping ~*~*~tactically~*~*~ (stealth).
  1071 | D:1      | 1071 ||| Stepping ~*~*~tactically~*~*~ (stealth).
  1078 | D:1      | 1078 ||| Stepping ~*~*~tactically~*~*~ (stealth).
  1381 | D:1      | Reached skill level 4 in Axes
  1389 | D:1      | Reached ** piety under Trog
  1531 | D:1      | 1531 ||| UPGRADING to +0 plate armour.
  1541 | D:1      | 1541 ||| DROPPING +0 animal skin.
  1542 | D:1      | 1542 ||| READING 2 scrolls labelled YFFAIXTIOL.
  1543 | D:1      | 1543 ||| READING scroll labelled VAEP SO FUEL.
  1544 | D:1      | 1544 ||| READING 6 scrolls labelled MEFFAI YSHRUIS.
  1545 | D:1      | 1545 ||| READING scroll labelled REGOAMU ERHOLIFO.
  1546 | D:1      | 1546 ||| READING scroll labelled SOOBIVV YNUED.
  1547 | D:1      | 1547 ||| READING 5 scrolls of identify.
  1547 | D:1      | 1547 ||| IDENTIFYING yellow potion
  1548 | D:1      | 1548 ||| READING 4 scrolls of identify.
  1548 | D:1      | 1548 ||| IDENTIFYING puce potion
  1549 | D:1      | 1549 ||| READING 3 scrolls of identify.
  1549 | D:1      | 1549 ||| IDENTIFYING glowing silvery potion
  1550 | D:1      | 1550 ||| DROPPING scroll of poison.
  1551 | D:1      | 1551 ||| DROPPING potion of flight.
  1599 | D:2      | 1599 ||| STAIRDANCE
  1746 | D:2      | Found an iron altar of Okawaru.
  1757 | D:2      | 1757 ||| Stepping ~*~*~tactically~*~*~ (hiding).
  1831 | D:2      | Reached XP level 4. HP: 28/28 MP: 4/4
  1979 | D:2      | 1979 ||| INVOKING Berserk.
  2288 | D:2      | 2288 ||| UPGRADING to ring of resist corrosion.
  2289 | D:2      | 2289 ||| READING scroll labelled QACWEG HIRU.
  2390 | D:2      | 2390 ||| READING scroll labelled WIOGIS HAFIWA.
  2391 | D:2      | 2391 ||| DRINKING 2 smoky ruby potions.
  2495 | D:2      | 2495 ||| READING 2 scrolls of identify.
  2495 | D:2      | 2495 ||| IDENTIFYING pink potion
  2496 | D:2      | 2496 ||| DROPPING potion of brilliance.
  2497 | D:2      | 2497 ||| DROPPING potion of berserk rage.
  2647 | D:3      | Noticed Sigmund
  2650 | D:3      | 2650 ||| INVOKING Berserk.
  2657 | D:3      | Killed Sigmund
  2658 | D:3      | Reached skill level 6 in Axes
  2658 | D:3      | Reached XP level 5. HP: 32/32 MP: 5/5
  2658 | D:3      | Reached XP level 6. HP: 37/37 MP: 6/6
  2793 | D:3      | Found a white marble altar of Elyvilon.
  2799 | D:3      | 2799 ||| Stepping ~*~*~tactically~*~*~ (stealth).
  2802 | D:3      | 2802 ||| Stepping ~*~*~tactically~*~*~ (stealth).
  2827 | D:3      | 2827 ||| INVOKING Berserk.
  2834 | D:3      | Reached skill level 3 in Armour
  3121 | D:3      | 3121 ||| DROPPING +0 vorpal mace.
  3222 | D:3      | 3222 ||| Stepping ~*~*~tactically~*~*~ (hiding).
  3330 | D:3      | 3330 ||| READING scroll of enchant armour.
  3330 | D:3      | 3330 ||| ENCHANTING +0 plate armour.
  3644 | D:3      | 3644 ||| UPGRADING to +0 helmet.
  3649 | D:3      | 3649 ||| READING scroll labelled SIALOEN EKHE.
  3650 | D:3      | 3650 ||| READING scroll labelled OMNEPR WECKYDD.
  3651 | D:3      | 3651 ||| DRINKING 2 fizzy blue potions.
  3676 | D:4      | 3676 ||| STAIRDANCE
  3730 | D:4      | Reached *** piety under Trog
  3843 | D:4      | 3843 ||| Stepping ~*~*~tactically~*~*~ (stealth).
  3963 | D:4      | 3963 ||| READING scroll of enchant armour.
  3963 | D:4      | 3963 ||| ENCHANTING +0 helmet.
  4263 | D:4      | 4263 ||| INVOKING Berserk.
  4265 | D:4      | Reached XP level 7. HP: 43/43 MP: 7/7
  4399 | D:4      | 4399 ||| DROPPING +0 whip.
  4799 | D:5      | Entered Level 5 of the Dungeon
  4852 | D:5      | 4852 ||| Stepping ~*~*~tactically~*~*~ (hiding).
  4853 | D:5      | 4853 ||| Stepping ~*~*~tactically~*~*~ (hiding).
  4858 | D:5      | 4858 ||| Stepping ~*~*~tactically~*~*~ (hiding).
  4860 | D:5      | 4860 ||| INVOKING Berserk.
  5020 | D:5      | 5020 ||| Stepping ~*~*~tactically~*~*~ (stealth).
  5023 | D:5      | 5023 ||| FLEEEEING.
  5024 | D:5      | 5024 ||| FLEEEEING.
  5025 | D:5      | 5025 ||| FLEEEEING.
  5026 | D:5      | 5026 ||| FLEEEEING.
  5027 | D:5      | 5027 ||| FLEEEEING.
  5028 | D:5      | 5028 ||| FLEEEEING.
  5029 | D:5      | 5029 ||| FLEEEEING.
  5030 | D:5      | 5030 ||| FLEEEEING.
  5031 | D:5      | 5031 ||| Stepping ~*~*~tactically~*~*~ (hiding).
  5033 | D:5      | 5033 ||| Stepping ~*~*~tactically~*~*~ (hiding).
  5034 | D:5      | 5034 ||| Stepping ~*~*~tactically~*~*~ (hiding).
  5035 | D:5      | 5035 ||| Stepping ~*~*~tactically~*~*~ (hiding).
  5040 | D:5      | 5040 ||| INVOKING Berserk.
  5045 | D:5      | Reached skill level 7 in Axes
  5162 | D:5      | 5162 ||| INVOKING Berserk.
  5171 | D:5      | Reached XP level 8. HP: 27/49 MP: 8/8
  5176 | D:5      | HP: 18/73 [gnoll/+0 spear[a gnoll bouda] (3)]
  5184 | D:5      | HP: 8/49 [gnoll/+0 spear[a gnoll bouda] (2)]
  5188 | D:5      | HP: 2/49 [gnoll/+0 spear[a gnoll bouda] (4)]
  5228 | D:5      | 5228 ||| Stepping ~*~*~tactically~*~*~ (stealth).
  5229 | D:5      | 5229 ||| Stepping ~*~*~tactically~*~*~ (stealth).
  5232 | D:5      | 5232 ||| INVOKING Berserk.
  5242 | D:5      | Reached skill level 8 in Axes
  5248 | D:5      | HP: 7/49 [orc/+0 hand axe (5)]
  5254 | D:5      | HP: 5/49 [orc/+1 hand axe of flaming (3)]
  5257 | D:5      | Reached **** piety under Trog
  5530 | D:5      | 5530 ||| SWAPPING to +1 hand axe of flaming.
  5531 | D:5      | 5531 ||| DROPPING +0 flail.
  5532 | D:5      | 5532 ||| DROPPING +0 hand axe.
  5539 | D:5      | 5539 ||| Stepping ~*~*~tactically~*~*~ (stealth).
  5541 | D:5      | 5541 ||| Stepping ~*~*~tactically~*~*~ (stealth).
  5545 | D:5      | 5545 ||| INVOKING Berserk.
  5661 | D:5      | Found a staircase to the Ecumenical Temple.
  5722 | D:5      | Noticed Blork the orc
  5724 | D:5      | 5724 ||| INVOKING Berserk.
  5728 | D:5      | Killed Blork the orc
  5729 | D:5      | Reached skill level 6 in Fighting
  5842 | D:5      | 5842 ||| Stepping ~*~*~tactically~*~*~ (stealth).
  5849 | D:5      | 5849 ||| INVOKING Berserk.
  6001 | D:5      | Found a hide-covered altar of Uskayaw.
  6025 | D:5      | 6025 ||| Stepping ~*~*~tactically~*~*~ (stealth).
  6031 | D:5      | 6031 ||| Stepping ~*~*~tactically~*~*~ (stealth).
  6035 | D:5      | 6035 ||| Stepping ~*~*~tactically~*~*~ (stealth).
  6163 | D:5      | Identified the +11 rapier "Goblinbane" {pain, rPois Int+7}
  6276 | D:5      | 6276 ||| UPGRADING to +0 kite shield.
  6281 | D:5      | 6281 ||| READING 3 scrolls labelled SABLAENELLE.
  6282 | D:5      | 6282 ||| READING scroll labelled QIMYAV VUNUCOEX.
  6283 | D:5      | 6283 ||| READING 2 scrolls labelled KEC BOUCEAHUDD.
  6287 | D:5      | 6287 ||| DROPPING 2 scrolls of vulnerability.
  6352 | D:6      | Reached skill level 1 in Shields
  6405 | D:6      | Reached skill level 3 in Shields
  6410 | D:6      | 6410 ||| INVOKING Berserk.
  6417 | D:6      | Reached XP level 9. HP: 33/55 MP: 9/9
  6417 | D:6      | Noticed Duvessa
  6417 | D:6      | Noticed Dowan
  6424 | D:6      | Killed Duvessa
  6427 | D:6      | HP: 11/55 [wight/+0 battleaxe (10)]
  6428 | D:6      | 6428 ||| READING scroll of teleportation.
  6429 | D:6      | HP: 3/55 [Dowan/+0 whip (4)]
  6430 | D:6      | Killed from afar by Dowan

Levels and vault maps discovered:
D:1:      scummos_arrival_simple_crosswalls, layout_rooms, serial_rivers,
          chequers_serial_rivers_small_3, chequers_serial_rivers_marsh,
          chequers_serial_rivers_small_a, chequers_serial_rivers_large_b,
          chequers_serial_rivers_small_a, basic_ecumenical_altar
D:2:      layout_basic, basic_altar, roderic_roman_lattice
D:3:      kennysheep_the_goblin_king, layout_basic, elyvilon_altar_1,
          uniq_sigmund
D:4:      layout_basic, minmay_strange_pillars, grunt_ministairs_8,
          grunt_tough_drop
D:5:      layout_cave_pools, mainiacjoe_overflow_concentric_impassable,
          minmay_temple_entry_mist, grunt_ministairs_12, hex_medium,
          uniq_blork_the_orc
D:6:      layout_basic, mainiacjoe_overflow_swirl, dreamdust_wishing_well,
          uniq_duvessa

Skill      XL: |  1  2  3  4  5  6  7  8  9 |
---------------+----------------------------+-----
Axes           | 3 4 6 7 8 |  8.2
Armour         | 3 4 5 |  5.0
Fighting       | 4 5 6 |  6.0
Shields        | 3 4 |  4.8
Dodging        | |  1.5

Action                   |  1- 3 |  4- 6 |  7- 9 || total
-------------------------+-------+-------+-------++-------
Melee: Hand axe          |   101 |   169 |   196 ||   466
       Punch             |     1 |     2 |     1 ||     4
Invok: Berserk           |     2 |     4 |     8 ||    14
  Use: Scroll            |     8 |     7 |     4 ||    19
       Potion            |       |     2 |       ||     2
Armor: Animal skin       |    27 |       |       ||    27
       Plate armour      |    13 |   118 |   164 ||   295
Dodge: Dodged            |    50 |    53 |    69 ||   172
Block: Kite shield       |       |       |     8 ||     8

Table legend:
 A = Non-vault XP
 B = Vault XP
 C = Vault XP percentage of total XP
 D = Non-vault monster count
 E = Vault monster count
 F = Vault count percentage of total count
                 A         B        C        D         E       F
            +---------+---------+-------+---------+---------+-------
      Total |    2041 |     567 |  21.7 |     138 |      18 |  11.5
            +---------+---------+-------+---------+---------+-------
        D:1 |      58 |       0 |   0.0 |      34 |       0 |   0.0
        D:2 |      75 |       0 |   0.0 |      15 |       0 |   0.0
        D:3 |     121 |     228 |  65.3 |      23 |       8 |  25.8
        D:4 |     238 |      55 |  18.8 |      21 |       7 |  25.0
        D:5 |    1139 |     139 |  10.9 |      39 |       2 |   4.9
        D:6 |     410 |     145 |  26.1 |       6 |       1 |  14.3
            +---------+---------+-------+---------+---------+-------
